 Dungeon Crawl Stone Soup version 0.15.2 (webtiles) character file.

13437 Heini the Basher (level 11, -13/104 HPs)
             Began as a Minotaur Fighter on Feb 22, 2015.
             Was a High Priest of Okawaru.
             Shot with a bolt by an orc warrior (19 damage)
             ... in a bailey.
             The game lasted 00:32:06 (11910 turns).

Heini the Basher (Minotaur Fighter)                Turns: 11910, Time: 00:32:06

HP -13/104       AC 20     Str 23      XL: 11   Next: 75%
MP   4/4         EV  5     Int  5      God: Okawaru [*****.]
Gold 1160        SH 10     Dex 11      Spells:  0 memorised, 10 levels left

rFire  . . .     SeeInvis .     R - +2 morningstar
rCold  . . .     Clarity  .     Q - +0 plate armour
rNeg   . . .     rCorr    +     c - +1 shield
rPois  .         rRot     .     Y - +2 hat
rElec  .         Spirit   .     (no cloak)
SustAb .         Warding  .     W - +0 pair of gloves
rMut   .         Stasis   .     u - +0 pair of boots "Ruoran" {MR++}
Gourm  .                        O - amulet of resist corrosion
MR     +++..                    b - ring of protection from magic
                                p - +5 ring of slaying

@: very slightly contaminated, invisible, extremely resistant to hostile
enchantments, extremely unstealthy
A: retaliatory headbutt, horns 2
a: Heroism, Finesse, Renounce Religion


You were in a bailey.
You worshipped Okawaru.
Okawaru was extremely pleased with you.
You were hungry.

You visited 2 branches of the dungeon, and saw 14 of its levels.
You also visited: Ossuary and Bailey.

You collected 1160 gold pieces.

Inventory:

Hand weapons
 y - the +8 flail "Oled" {vamp, +Fly rElec Int+2 SInv, unknown}
   (You found it on level 10 of the Dungeon)

   It inflicts no extra harm, but heals its wielder somewhat when it strikes a
   living foe.
   It affects your intelligence (+2).
   It insulates you from electricity.
   It enhances your eyesight.
   It lets you fly.
 C - a +2 flail of protection
 R - a +2 morningstar (weapon)
Armour
 c - a +1 shield (worn)
 u - the +0 pair of boots "Ruoran" (worn) {MR++}
   (You acquired it on level 7 of the Dungeon)

   It affects your resistance to hostile enchantments.
 Q - a +0 plate armour (worn)
 W - a +0 pair of gloves (worn)
 Y - a +2 hat (worn)
Magical devices
 r - a wand of frost (15)
 F - a wand of polymorph (14)
 H - a wand of flame (1)
 M - a wand of invisibility (4)
 P - a wand of lightning (0)
 S - a wand of lightning (0)
Comestibles
 d - 12 bread rations
 g - 6 meat rations
 i - 2 slices of pizza
 j - a royal jelly
 o - 11 beef jerkies
 q - 7 fruits
 U - a chunk of orc flesh
Scrolls
 n - a scroll of identify
 w - 3 scrolls of fear
 x - a scroll of vulnerability
 z - 2 scrolls of magic mapping
 A - 5 scrolls of remove curse
 D - 2 scrolls of amnesia
 G - a scroll of enchant weapon
 I - a scroll of blinking
 J - 4 scrolls of teleportation
 L - a scroll of enchant armour
 T - a scroll of fog
Jewellery
 b - a ring of protection from magic (right hand)
 p - a +5 ring of slaying (left hand)
 E - an uncursed ring of sustain abilities
 O - an amulet of resist corrosion (around neck)
Potions
 a - 2 potions of cancellation
 e - 2 potions of might
 f - 4 potions of heal wounds
 h - 7 potions of curing
 k - a potion of invisibility
 l - 2 potions of magic
 m - 2 potions of cure mutation
 s - 2 potions of brilliance
 t - a potion of lignification {unknown}
 v - 3 potions of resistance
 B - 2 potions of agility
 N - a potion of haste
 V - 2 potions of restore abilities
Books
 K - a book of Hinderance

   Spells                             Type                      Level
   Confusing Touch                    Hexes                        2
   Confuse                            Hexes                        3
   Petrify                            Transmutation/Earth          4
   Leda's Liquefaction                Hexes/Earth                  4
   Metabolic Englaciation             Hexes/Ice                    5
   Summon Mana Viper                  Hexes/Summoning              5
 X - a book of Cantrips

   Spells                             Type                      Level
   Corona                             Hexes                        1
   Animate Skeleton                   Necromancy                   1
   Summon Small Mammal                Summoning                    1
   Apportation                        Translocation                1


   Skills:
 * Level 12.2 Fighting
 * Level 14.8 Maces & Flails
 * Level 12.1 Armour
 - Level 3.6 Shields


You had 10 spell levels left.
You didn't know any spells.

Dungeon Overview and Level Annotations

Branches:
Dungeon (13/15)            Temple (0/1) D:7             Orc (1/4) D:11
   Lair (0/8) D:9
 Vaults: D:13-14

Altars:
Cheibriados
Dithmenos
Elyvilon
Fedhas
Makhleb
Nemelex Xobeh
Okawaru
Vehumet
Xom
Yredelemnul
The Shining One
Beogh

Shops:
D:10 *


Innate Abilities, Weirdness & Mutations

You reflexively headbutt those who attack you in melee.
You have a pair of horns on your head.


Message History

Drink which item? (? for menu, Esc to quit)
You feel much better.
The orc warrior shoots a bolt.
The bolt hits you! You block the orc's attack.
The orc warrior hits you from afar with a glaive!
* * * LOW HITPOINT WARNING * * *
You are too injured to fight recklessly!
Drink which item? (? for menu, Esc to quit)
You fade into invisibility!
The orc warrior shoots a bolt.
You block the bolt. The orc hits you but does no damage.
You are very lightly contaminated with residual magic.
The orc warrior shoots a bolt.
The bolt hits you but does no damage.
The orc warrior shoots a bolt.
The bolt hits you!!
* * * LOW HITPOINT WARNING * * *
The orc warrior shoots a bolt.
The bolt hits the orc!
The orc dies!
The orc warrior hits you but does no damage.
The orc warrior shoots a bolt.
The bolt hits you but does no damage.
The orc warrior shoots a bolt.
The bolt hits you!!
You die...

### ### ##∩## ###
.... #.((# ....
.≈≈≈..#((@#..≈≈≈.
≈≈o≈≈...o...≈≈o≈≈.
≈)oo≈...((.(≈o))≈
≈≈.≈≈.......≈≈.≈≈
≈≈≈..#...#.o≈≈≈.
....##...##..o.
#### ##∩## ####
###


You could see 8 orc warriors.

Vanquished Creatures
  A centaur warrior (D:11)
  Erolcha (D:8)
  A hill giant (D:11)
  2 ugly things
  2 cyclopes (D:11)
  A centaur zombie (D:12)
  3 trolls
  Prince Ribbit (D:9)
  A two-headed ogre (D:10)
  18 yaks
  A deep elf mage (D:9)
  A basilisk (D:11)
  A hippogriff (D:13)
  A hungry ghost (D:11)
  A mottled dragon (D:11)
  A hill giant skeleton (D:8)
  4 orc warriors
  2 black bears
  3 sky beasts
  5 ogres
  5 centaurs
  3 ice beasts
  A crocodile (D:8)
  2 big kobolds (D:12)
  6 giant frogs
  3 yak zombies (D:11)
  An eye of draining (D:9)
  6 scorpions
  5 wights (D:12)
  3 crimson imps
  8 orc priests
  A quasit (D:10)
  A two-headed ogre zombie (D:11)
  2 centaur skeletons
  A giant frog skeleton (D:3)
  9 hounds
  2 iguanas
  13 orc wizards
  8 worker ants
  3 sheep (D:11)
  Ijyb (D:2)
  Jessica (D:3)
  7 ogre zombies
  A mottled dragon zombie (D:11)
  8 mummies
  4 gnolls
  16 adders
  2 shadow imps (D:11)
  A worm zombie (D:5)
  5 worms
  7 adder zombies (Ossuary)
  An orc skeleton (D:6)
  55 orcs
  9 goblins
  22 hobgoblins
  15 jackals
  28 kobolds
  8 quokkas
  12 bats
  4 giant cockroaches
  3 giant geckos
  4 giant newts
  A giant spore (D:11)
  2 gnoll zombies (Ossuary)
  A goblin skeleton (D:4)
  4 goblin zombies (Ossuary)
  A hobgoblin skeleton (D:4)
  2 hobgoblin zombies (Ossuary)
  4 kobold zombies (Ossuary)
  3 orc zombies
  3 quokka zombies (Ossuary)
  16 rats
  2 rat zombies (Ossuary)
  A spectral orc (D:9)
  8 ballistomycetes
396 creatures vanquished.

Vanquished Creatures (others)
  An orc (Bailey)
  A giant spore (D:9)
2 creatures vanquished.

Grand Total: 398 creatures vanquished

Notes
Turn   | Place    | Note
--------------------------------------------------------------
     0 | D:1      | Heini, the Minotaur Fighter, began the quest for the Orb.
     0 | D:1      | Reached XP level 1. HP: 19/19 MP: 1/1
   108 | D:1      | Reached XP level 2. HP: 22/27 MP: 1/1
   133 | D:1      | Reached skill level 4 in Fighting
   931 | D:2      | Reached XP level 3. HP: 28/33 MP: 2/2
  1437 | D:2      | Found a sparkling altar of Nemelex Xobeh.
  1481 | D:2      | Reached XP level 4. HP: 37/41 MP: 2/2
  1525 | D:2      | Reached skill level 5 in Armour
  1705 | D:2      | Noticed Ijyb
  1935 | D:3      | Noticed Jessica
  1941 | D:3      | Killed Jessica
  1941 | D:3      | Reached XP level 5. HP: 36/47 MP: 2/2
  2093 | D:3      | Reached skill level 5 in Fighting
  2212 | D:2      | Killed Ijyb
  2417 | D:2      | Found a radiant altar of Vehumet.
  2419 | D:2      | Found a shadowy altar of Dithmenos.
  2420 | D:2      | Found a burning altar of Makhleb.
  2457 | D:3      | Found a blossoming altar of Fedhas.
  2999 | D:4      | Reached skill level 6 in Armour
  3003 | D:4      | Noticed an ogre
  3026 | D:4      | Killed an ogre
  3026 | D:4      | Reached XP level 6. HP: 5/56 MP: 3/3
  4159 | D:4      | Reached skill level 5 in Maces & Flails
  4203 | D:5      | Entered Level 5 of the Dungeon
  4250 | D:5      | Reached skill level 7 in Armour
  4250 | D:5      | Reached XP level 7. HP: 62/62 MP: 3/3
  4719 | D:5      | Found a shimmering altar of Xom.
  4721 | D:5      | Found a shimmering altar of Xom.
  4726 | D:5      | Found a shimmering altar of Xom.
  4819 | D:5      | Reached XP level 8. HP: 64/71 MP: 3/3
  4870 | D:5      | Reached skill level 8 in Armour
  4961 | D:5      | Found a shimmering altar of Xom.
  5288 | D:6      | Found a white marble altar of Elyvilon.
  5392 | D:6      | Found a shimmering altar of Xom.
  5562 | D:6      | Found a glowing golden altar of the Shining One.
  5843 | D:7      | Reached skill level 9 in Maces & Flails
  5870 | D:7      | Found an iron altar of Okawaru.
  5883 | D:7      | Reached XP level 9. HP: 36/82 MP: 4/4
  5891 | D:7      | Became a worshipper of Warmaster Okawaru
  6090 | D:7      | Found a sand-covered staircase.
  6096 | Ossuary  | Entered an ossuary
  6816 | D:7      | Identified a scroll of acquirement
  6819 | D:7      | Got a pair of ancient boots
  6825 | D:7      | Identified the +0 pair of boots "Ruoran" {MR++} (You acquired it on level 7 of the Dungeon)
  6829 | D:7      | Found a staircase to the Ecumenical Temple.
  7123 | D:7      | Reached skill level 10 in Maces & Flails
  7195 | D:8      | Found a snail-covered altar of Cheibriados.
  7195 | D:8      | Noticed Erolcha
  7216 | D:8      | Killed Erolcha
  7216 | D:8      | Acquired Okawaru's first power
  7245 | D:8      | Reached skill level 11 in Maces & Flails
  7744 | D:8      | Reached skill level 10 in Armour
  7748 | D:8      | Reached XP level 10. HP: 88/92 MP: 4/4
  7887 | D:9      | Found a staircase to the Lair.
  8225 | D:9      | Reached skill level 10 in Fighting
  8305 | D:9      | Reached skill level 12 in Maces & Flails
  8451 | D:9      | Noticed Prince Ribbit
  8455 | D:9      | Killed Prince Ribbit
  8544 | D:9      | Found a basalt altar of Yredelemnul.
  8684 | D:10     | Entered Level 10 of the Dungeon
  8866 | D:10     | Found Cluciegi's Assorted Antiques.
  8871 | D:10     | Found a blossoming altar of Fedhas.
  8946 | D:10     | Got a twisted flail
  9416 | D:11     | Reached skill level 13 in Maces & Flails
  9612 | D:11     | Reached XP level 11. HP: 37/102 MP: 4/4
  9631 | D:11     | Acquired Okawaru's second power
  9870 | D:11     | Found a staircase to the Orcish Mines.
  9877 | Orc:1    | Entered Level 1 of the Orcish Mines
  9972 | Orc:1    | Found a roughly hewn altar of Beogh.
 10253 | D:11     | Noticed a cyclops
 10261 | D:11     | Killed a cyclops
 10262 | D:11     | Noticed a hill giant
 10268 | D:11     | Killed a hill giant
 10290 | D:11     | Reached skill level 14 in Maces & Flails
 10388 | D:11     | Noticed a green ugly thing
 10388 | D:11     | Noticed a centaur warrior
 10403 | D:11     | Killed a green ugly thing
 10403 | D:11     | Received a gift from Okawaru
 10408 | D:11     | Killed a centaur warrior
 10502 | D:11     | Noticed a cyclops
 10514 | D:11     | Killed a cyclops
 11837 | D:13     | Received a gift from Okawaru
 11874 | D:13     | Found a flagged portal.
 11883 | Bailey   | Entered a bailey
 11910 | Bailey   | Shot with a bolt by an orc warrior

Action                   |  1- 3 |  4- 6 |  7- 9 | 10-12 || total
-------------------------+-------+-------+-------+-------++-------
Melee: Flail             |    99 |   164 |   321 |   326 ||   910
       Morningstar       |       |       |       |    47 ||    47
Evoke: Wand              |       |       |       |    14 ||    14
  Use: Scroll            |       |     8 |     8 |    16 ||    32
       Potion            |       |       |       |     3 ||     3
 Stab: Distracted        |       |       |     1 |       ||     1
  Eat: Chunk             |     2 |     9 |    11 |    14 ||    36
